 Dungeon Crawl Stone Soup version 0.25-a0-565-g8875c97ebb (webtiles) character file.

Game seed: 13705451085997471692, levelgen mode: deterministic

112 Flugslaktarn the Shield-Bearer (level 4, -2/44 HPs)
             Began as a Deep Dwarf Fighter on Feb 26, 2020.
             Slain by an orc warrior
             ... wielding a +0 halberd
              (13 damage)
             ... on level 4 of the Dungeon.
             The game lasted 00:00:26 (515 turns).

Flugslaktarn the Shield-Bearer (Deep Dwarf Fighter)  Turns: 515, Time: 00:00:27

Health: -2/44      AC:  7    Str: 21    XL:     4   Next: 63%
Magic:  4/4        EV:  7    Int:  8    God:
Gold:   19         SH:  9    Dex: 12    Spells: 3/3 levels left

rFire    . . .     SeeInvis .   a - +0 war axe
rCold    . . .     Gourm    .   c - +0 kite shield
rNeg     . . .     Faith    .   b - +0 scale mail
rPois    .         Spirit   .   (no helmet)
rElec    .         Reflect  .   (no cloak)
rCorr    .         Harm     .   (no gloves)
MR       .....                  (no boots)
Stlth    ..........             (no amulet)
HPRegen  0.00/turn              (no ring)
MPRegen  0.09/turn              (no ring)

@: lethally poisoned (-2 -> -2), non-regenerating
A: damage resistance, heal wounds, sense surroundings 1, no regeneration
a: Heal Wounds


You were on level 4 of the Dungeon.
You were not hungry.

You visited 1 branch of the dungeon, and saw 4 of its levels.

You collected 19 gold pieces.

Inventory:

Hand Weapons
 a - a +0 war axe (weapon)
Armour
 b - a +0 scale mail (worn)
 c - a +0 kite shield (worn)
Jewellery
 l - a cursed ring of see invisible {unknown}
   (You found it on level 3 of the Dungeon)
Scrolls
 f - a scroll of enchant armour {unknown}
 h - 2 scrolls of remove curse {unknown}
 i - 2 scrolls of identify {unknown}
 j - a scroll of amnesia {unknown}
 k - a scroll of teleportation {unknown}
Potions
 d - a potion of might
Comestibles
 e - a ration
 g - 5 chunks of flesh


   Skills:
 * Level 3.6 Fighting
 * Level 3.5 Axes
 + Level 3.8 Armour
 + Level 3.8 Shields


You had 3 spell levels left.
You didn't know any spells.
Your spell library was empty.

Dungeon Overview and Level Annotations

Branches:
Dungeon (4/15)
 Temple: D:4-7

Altars:


Innate Abilities, Weirdness & Mutations

You are resistant to damage.
You can heal yourself by infusing magical energy.
You passively map a small area around you.
You do not regenerate.


Message History

You kill the orc!
You block the orc's attack. The orc barely misses you.
You block the orc warrior's attack. The orc hits you but does no damage.
The orc hits you with a +0 club.
You are too injured to fight recklessly!
You are too injured to fight recklessly!
You are too injured to fight recklessly!
You are too injured to fight recklessly!
You are too injured to fight recklessly!
You are too injured to fight recklessly!
You are too injured to fight recklessly!
You are too injured to fight recklessly!
You are too injured to fight recklessly!
You are too injured to fight recklessly!
You fail to use your ability.
The orc warrior hits you from afar with a +0 halberd!
* * * LOW HITPOINT WARNING * * *
You block the orc's attack. The orc hits you with a +0 club.
The orc warrior hits you with a +0 halberd!
You die...

##..## *#.
##..# #.. #..#
#..# #.## *#..#
#[# #..#
#.####..#
##..#...#
**###...†.o# *
........o@##
,*.##..!...o.#
####.....#* *
#......># ,,
..........# * *
.............
,* *
............. ,
,
,..............
* , * ,


You could see an orc warrior and 2 orcs.

Vanquished Creatures
  A hound (D:2)
  Natasha (D:2)
  A worker ant (D:4)
  A worm (D:2)
  A leopard gecko (D:2)
  An orc (D:4)
  2 giant cockroaches (D:1)
  4 hobgoblins
  6 jackals
  4 bats
  A frilled lizard (D:1)
  3 kobolds
  5 rats
31 creatures vanquished.

Notes
Turn   | Place    | Note
-------+----------+-------------------------------------------
     0 | D:1      | Flugslaktarn the Deep Dwarf Fighter began the quest for the
                  | Orb.
     0 | D:1      | Reached XP level 1. HP: 20/20 MP: 1/1
    50 | D:1      | Reached XP level 2. HP: 24/27 MP: 2/2
   148 | D:2      | Reached XP level 3. HP: 29/34 MP: 3/3
   231 | D:2      | Noticed Natasha
   238 | D:2      | Killed Natasha
   238 | D:2      | Reached XP level 4. HP: 31/42 MP: 4/4
   505 | D:4      | Noticed an orc warrior
   515 | D:4      | Slain by an orc warrior

Levels and vault maps discovered:
D:1:      ebering_hopf_link, layout_rooms
D:2:      layout_basic, bloody_trog, uniq_natasha
D:3:      layout_rooms, old_standard_altar, nicolae_overflow_hidden_temple,
          first_ration
D:4:      layout_layer_cave, lemuel_zombie_altar_yredelemnul,
          uniq_crazy_yiuf_cottage

Skill      XL: |  1  2 |
---------------+-------+-----
Fighting       | 3 |  3.6
Axes           | 3 |  3.5
Armour         | |  3.8
Shields        | |  3.8

Action                   |  1- 3 |  4- 6 || total
-------------------------+-------+-------++-------
Melee: War axe           |    60 |    55 ||   115
 Abil: Heal Wounds       |       |     1 ||     1
Armor: Scale mail        |    41 |    44 ||    85
Dodge: Dodged            |    34 |    28 ||    62
Block: Kite shield       |    42 |    47 ||    89

Table legend:
 A = Non-vault XP
 B = Vault XP
 C = Vault XP percentage of total XP
 D = Non-vault monster count
 E = Vault monster count
 F = Vault count percentage of total count
                 A         B        C        D         E       F
            +---------+---------+-------+---------+---------+-------
      Total |     125 |      35 |  21.9 |      30 |       1 |   3.2
            +---------+---------+-------+---------+---------+-------
        D:1 |      19 |       0 |   0.0 |      13 |       0 |   0.0
        D:2 |      57 |      35 |  38.0 |       8 |       1 |  11.1
        D:3 |      13 |       0 |   0.0 |       7 |       0 |   0.0
        D:4 |      36 |       0 |   0.0 |       2 |       0 |   0.0
            +---------+---------+-------+---------+---------+-------
